 Dungeon Crawl Stone Soup version 0.30-a0-739-gea05faddec (webtiles) character file.

Game seed: 9741166553623539793

29215 rkjgk the Protected (level 13, -1/119 HPs)
             Began as a Minotaur Fighter on Feb 4, 2023.
             Was the Champion of Okawaru.
             Slain by a gargoyle
             ... wielding a +0 mace
              (9 damage)
             ... on level 13 of the Dungeon.
             The game lasted 00:28:58 (11956 turns).

rkjgk the Protected (Minotaur Fighter)             Turns: 11956, Time: 00:28:59

Health: -1/119     AC: 19    Str: 31    XL:     13   Next: 14%
Magic:  21/21      EV: 12    Int:  4    God:    Okawaru [******]
Gold:   1303       SH:  9    Dex:  9    Spells: 12/12 levels left

rFire   + + +      SeeInvis +    L - +6 hand axe "Dettysky" {flame, rPois rC+ Str+4 SInv}
rCold   + + .      Faith    .    q - +3 warlock's mirror {omnireflect}
rNeg    + + .      Spirit   .    F - +1 chain mail of Dimoacse {rElec rPois}
rPois   +          Reflect  +    w - +1 hat {Int+3}
rElec   +          Harm     .    h - +1 cloak
rCorr   .          Rampage  +    b - +1 pair of gloves
Will    +....                    (no boots) Stlth
                                 H - amulet "Addosm" {RegenMP Rampage rC+ rN++ Int-4}
HPRegen 0.39/turn                I - ring "Plog" {rF+++ Will+ MP+9 Str+2 Dex-2}
MPRegen 0.57/turn                t - +4 ring of slaying

@: no status effects
A: horns 2, retaliatory headbutt
a: Renounce Religion, Heroism, Finesse, Duel


You were on level 13 of the Dungeon.
You worshipped Okawaru.
Okawaru was exalted by your worship.
You visited 2 branches of the dungeon, and saw 14 of its levels.
You also visited: Ossuary and Ice Cave.

You collected 1303 gold pieces.

Inventory:

Hand Weapons
 a - a +2 spectral war axe
 g - a +2 heavy broad axe
 y - a +4 war axe
 L - the +6 hand axe "Dettysky" (weapon) {flame, rPois rC+ Str+4 SInv}
   (Okawaru gifted it to you on level 12 of the Dungeon)

   Str:       It affects your strength (+4).
   rC:        It protects you from cold.
   rPois:     It protects you from poison.
   SInv:      It lets you see invisible.
Missiles
 k - a throwing net (quivered)
 u - 4 silver javelins
Armour
 b - a +1 pair of gloves (worn)
 h - a +1 cloak (worn)
 q - the +3 warlock's mirror (worn) {omnireflect}
   (You acquired it on level 6 of the Dungeon)

   Omnireflect: It can block and reflect piercing ranged attacks and magical
   attacks against the wielder's willpower.
 w - a +1 hat of intelligence (worn)
 F - the +1 chain mail of Dimoacse (worn) {rElec rPois}
   (You found it on level 10 of the Dungeon)

   rElec:     It insulates you from electricity.
   rPois:     It protects you from poison.
Jewellery
 f - a ring of ice
 p - a +5 ring of evasion
 s - a ring of flight
 t - a +4 ring of slaying (right hand)
 A - a ring of positive energy
 D - a +4 ring of protection
 H - the amulet "Addosm" (around neck) {RegenMP Rampage rC+ rN++ Int-4}
   (You found it on level 11 of the Dungeon)

   [amulet of magic regeneration]

   It increases your rate of magic regeneration.
   Int:       It affects your intelligence (-4).
   rC:        It protects you from cold.
   rN:        It greatly protects you from negative energy.
   Rampage:   It bestows one free step when moving towards enemies.
 I - the ring "Plog" (left hand) {rF+++ Will+ MP+9 Str+2 Dex-2}
   (You acquired it on level 12 of the Dungeon)

   [ring of magical power]

   Str:       It affects your strength (+2).
   Dex:       It affects your dexterity (-2).
   rF:        It renders you almost immune to fire.
   MP:        It affects your magic capacity (+9).
   Will:      It increases your willpower.
 K - a ring of poison resistance
Wands
 n - a wand of digging (6)
 r - a wand of roots (4)
 v - a wand of flame (10)
 z - a wand of polymorph (4)
Scrolls
 l - 2 scrolls of teleportation
 m - 5 scrolls of identify
 o - a scroll of silence
Potions
 c - a potion of resistance
 d - 2 potions of might
 e - 7 potions of curing
 i - 3 potions of berserk rage
 j - 3 potions of heal wounds
 x - a potion of cancellation
 B - 2 potions of haste
 C - a potion of brilliance
 E - 3 potions of magic
 G - a potion of flight
 J - a potion of lignification {unknown}


   Skills:
 + Level 12.6 Fighting
 + Level 12.3 Axes
 + Level 12.6 Armour
 + Level 11.1 Dodging
 + Level 12.6 Shields


You had 12 spell levels left.
You didn't know any spells.
Your spell library contained the following spells:

 Spells                   Type           Power      Damage    Failure   Level
 Beastly Appendage        Tmut           0%         N/A       93%         1
 Freeze                   Ice            0%         1d3       93%         1
 Blink                    Tloc           0%         N/A       98%         2
 Cigotuvi's Dreadful Rot  Necr/Pois/Air  0%         N/A       98%         2
 Sublimation of Blood     Necr           0%         N/A       98%         2
 Wereblood                Tmut           0%         N/A       98%         2
 Frozen Ramparts          Ice            0%         1d1       100%        3
 Hailstorm                Conj/Ice       0%         3d3       100%        3
 Spider Form              Tmut/Pois      0%         N/A       100%        3
 Anguish                  Hex/Necr       0%         N/A       100%        4
 Dispel Undead            Necr           0%         3d6       100%        4
 Manifold Assault         Tloc           0%         N/A       100%        4
 Petrify                  Tmut/Erth      0%         N/A       100%        4
 Irradiate                Conj/Tmut      0%         3d11      100%        5
 Enfeeble                 Hex            0%         N/A       100%        7
 Storm Form               Tmut/Air       0%         N/A       100%        7
 Death Channel            Necr           Unusable   N/A       N/A         6

Dungeon Overview and Level Annotations

Branches:
Dungeon (13/15)            Temple (1/1) D:5            Lair (0/5) D:9
    Orc (0/2) D:10         Vaults (0/5) D:13        Ossuary (visited)
  IceCv (visited)

Altars:
Dithmenos
Fedhas
Hepliaklqana
Makhleb
Nemelex Xobeh
Okawaru
Qazlal
Sif Muna
Uskayaw
Vehumet
Wu Jian
Zin
The Shining One

Shops:
D:7 =

Annotations:
D:6 1 runed translucent door


Innate Abilities, Weirdness & Mutations

You have a pair of horns on your head.
You reflexively headbutt those who attack you in melee.


Message History

The centaur warrior kicks you.
* * * LOW HITPOINT WARNING * * *
The centaur warrior hits you with a +2 scimitar of flaming.
* * * LOW HITPOINT WARNING * * *
You block the centaur warrior's attack.
Unknown command.
Unknown command.
As you read the scroll of teleportation, it crumbles to dust.
You feel strangely unstable. You block the centaur warrior's attack.
The centaur warrior kicks you but does no damage.
Unknown command.
Unknown command.
Unknown command.
You hit the centaur warrior but do no damage.
The centaur warrior is lightly wounded.
The centaur warrior barely misses you. You furiously retaliate!
You headbutt the centaur warrior!!
You block the centaur warrior's attack. x2
The centaur warrior kicks you but does no damage.
Unknown command.
You slash the centaur warrior! You burn the centaur warrior.
You headbutt the centaur warrior, but do no damage.
The centaur warrior is almost dead.
The boggart casts a spell.
The centaur warrior hits you with a +2 scimitar of flaming!
* * * LOW HITPOINT WARNING * * *
The centaur warrior kicks you but does no damage.
You hear a roar!
Unknown command.
You slash the centaur warrior! You burn the centaur warrior.
You kill the centaur warrior!
Okawaru accepts your kill.
Your surroundings suddenly seem different. 3 meliai and a gargoyle come into view.
A meliai is wielding a +0 hand axe and wearing a +2 leather armour of poison resistance.
The meliai buzzes angrily.
The meliai invokes the aid of its god against you.
Something smites you!
* * * LOW HITPOINT WARNING * * *
The gargoyle hits you with a +0 mace!
You die...

##.....##
##.......##
#..yyy....#
+.........+
#.........#
#.......#
#.9...#
#.@.# ##+##


You could see a gargoyle and 3 meliai.

Vanquished Creatures
  Gastronok (D:8)
  A hydra (D:13)
  Fannar (D:11)
  A catoblepas (D:13)
  A boulder beetle (D:13)
  5 two-headed ogres
  A centaur warrior (D:13)
  3 tengu warriors (D:13)
  Urug (D:13)
  Lodul (D:10)
  Pikel (D:5)
  4 ugly things
  4 cyclopes
  A manticore (D:13)
  2 ice statues (IceCv)
  An elephant (shapeshifter) (D:13)
  Joseph (D:7)
  A gargoyle (D:12)
  2 kobold demonologists (D:12)
  Maggie (D:8)
  2 efreet (D:13)
  An unseen horror (D:12)
  A komodo dragon (D:11)
  A tengu conjurer (D:13)
  9 trolls
  A hornet (D:13)
  Prince Ribbit (D:7)
  3 slime creatures (D:12)
  Sigmund (D:2)
  2 wyverns
  18 yaks
  A steam dragon (D:7)
  3 vampire mosquitoes
  Edmund (D:4)
  2 water moccasins
  An acid dragon (D:12)
  An ice beast (D:6)
  4 orc warriors
  2 black bears
  3 sky beasts
  9 ogres
  A phantom (D:5)
  8 centaurs
  3 kobold brigands
  Blork the orc (D:4)
  6 bullfrogs
  A gnoll sergeant (D:9)
  2 elf zombies (Ossuary)
  A cane toad simulacrum (IceCv)
  5 scorpions
  2 necrophages (D:6)
  15 wights
  3 killer bees (D:9)
  An elephant simulacrum (IceCv)
  4 howler monkeys
  A crimson imp (D:9)
  A gnoll bouda (D:5)
  Crazy Yiuf (D:2)
  6 orc priests
  4 hounds
  4 jellies
  Jessica (D:3)
  6 iguanas
  Natasha (D:2)
  21 orc wizards
  A spriggan simulacrum (D:11)
  A troll simulacrum (D:11)
  A polar bear simulacrum (IceCv)
  2 mummies (Ossuary)
  12 gnolls
  7 adders
  3 naga simulacra (D:11)
  A river rat (D:6)
  2 shadow imps
  2 white imps
  An ufetubus (D:5)
  4 adder zombies (Ossuary)
  2 worms
  The ghost of NoOffense the Sneak, a weakling DgDe (D:6)
  A dart slug (D:2)
  52 orcs
  4 bats
  3 endoplasms
  4 giant cockroaches
  8 goblins
  8 hobgoblins
  4 jackals (D:3)
  16 kobolds
  A quokka (D:2)
  5 ball pythons
  6 frilled lizards
  13 hobgoblin zombies (Ossuary)
  A jackal zombie (Ossuary)
  8 kobold zombies (Ossuary)
  7 orc zombies (Ossuary)
  4 rats
  4 rat zombies
389 creatures vanquished.

Vanquished Creatures (others)
  An orc wizard (D:5)
  A gnoll (D:9)
  22 plants (D:10)
24 creatures vanquished.

Grand Total: 413 creatures vanquished

Notes
Turn   | Place    | Note
-------+----------+-------------------------------------------
     0 | D:1      | rkjgk the Minotaur Fighter began the quest for the Orb.
     0 | D:1      | Reached XP level 1. HP: 19/19 MP: 0/0
   292 | D:1      | Found a faded altar of an unknown god.
   332 | D:1      | Reached XP level 2. HP: 24/27 MP: 1/1
   969 | D:2      | Noticed Sigmund
   981 | D:2      | Killed Sigmund
   982 | D:2      | Reached XP level 3. HP: 17/34 MP: 2/2
   982 | D:2      | Reached XP level 4. HP: 21/41 MP: 3/3
   982 | D:2      | Reached XP level 5. HP: 24/47 MP: 4/4
  1429 | D:2      | Found a stormy altar of Qazlal.
  1609 | D:2      | Found a runed translucent door.
  1610 | D:2      | Noticed Crazy Yiuf
  1619 | D:2      | Killed Crazy Yiuf
  1620 | D:2      | Reached XP level 6. HP: 41/55 MP: 3/5
  1746 | D:2      | Noticed Natasha
  1749 | D:2      | Killed Natasha
  1750 | D:2      | Reached skill level 5 in Armour
  1851 | D:3      | Reached skill level 5 in Fighting
  1851 | D:3      | Reached skill level 5 in Shields
  2042 | D:3      | Noticed Jessica
  2053 | D:3      | Killed Jessica
  2107 | D:3      | Found a sparkling altar of Nemelex Xobeh.
  2675 | D:4      | Reached XP level 7. HP: 42/61 MP: 6/6
  2829 | D:4      | Found an iron altar of Okawaru.
  2841 | D:4      | Noticed Edmund
  2848 | D:4      | Became a worshipper of Warmaster Okawaru
  2862 | D:4      | Killed Edmund
  3029 | D:4      | Noticed Blork the orc
  3035 | D:4      | Killed Blork the orc
  3069 | D:4      | Found a glowing golden altar of the Shining One.
  3214 | D:4      | Reached skill level 5 in Axes
  3427 | D:4      | Reached XP level 8. HP: 70/70 MP: 7/7
  3566 | D:5      | Entered Level 5 of the Dungeon
  3631 | D:5      | Found a hide-covered altar of Uskayaw.
  3663 | D:5      | Found a sand-covered staircase.
  3673 | D:5      | Reached * piety under Okawaru
  3687 | Ossuary  | Entered an ossuary
  4044 | D:5      | Found a glowing silver altar of Zin.
  4044 | D:5      | Noticed an angel
  4053 | D:5      | Found a shadowy altar of Dithmenos.
  4115 | D:5      | Noticed Pikel
  4124 | D:5      | Reached skill level 5 in Dodging
  4125 | D:5      | Killed Pikel
  4125 | D:5      | Reached ** piety under Okawaru
  4232 | D:5      | Found a staircase to the Ecumenical Temple.
  4240 | D:5      | Reached XP level 9. HP: 55/79 MP: 8/8
  4280 | Temple   | Entered the Ecumenical Temple
  5035 | D:6      | Found a runed translucent door.
  5039 | D:6      | Noticed NoOffense's ghost (weakling DgDe)
  5157 | D:6      | Found a runed translucent door.
  5230 | D:6      | Killed NoOffense's ghost
  5279 | D:6      | Identified a scroll of acquirement
  5279 | D:6      | Acquired the +3 warlock's mirror {omnireflect}
  5279 | D:6      | Found the +3 warlock's mirror {omnireflect}
  5320 | D:6      | Reached *** piety under Okawaru
  5826 | D:6      | Found a blossoming altar of Fedhas.
  5972 | D:7      | Found Jigeowaa's Jewellery Boutique.
  6199 | D:7      | Noticed Joseph
  6210 | D:7      | Killed Joseph
  6211 | D:7      | Reached XP level 10. HP: 65/90 MP: 9/9
  6297 | D:7      | Noticed Prince Ribbit
  6308 | D:7      | Killed Prince Ribbit
  6546 | D:7      | Reached **** piety under Okawaru
  7001 | D:8      | Noticed Psyche
  7005 | D:8      | Noticed Psyche
  7007 | D:8      | Killed Psyche the gnoll
  7012 | D:8      | Noticed Gastronok
  7029 | D:8      | Killed Gastronok
  7290 | D:8      | Reached ***** piety under Okawaru
  7428 | D:8      | Noticed Maggie
  7437 | D:8      | Killed Maggie
  7721 | D:9      | Found a staircase to the Lair.
  7745 | D:9      | Reached XP level 11. HP: 99/99 MP: 10/10
  7766 | D:9      | Reached skill level 10 in Armour
  7773 | D:9      | Reached skill level 10 in Fighting
  7813 | D:9      | Received a gift from Okawaru
  7837 | D:9      | Found an ornate altar of the Wu Jian Council.
  7845 | D:9      | Noticed a two-headed ogre
  7847 | D:9      | Reached skill level 10 in Shields
  7854 | D:9      | Killed a two-headed ogre
  8140 | D:9      | Found a burning altar of Makhleb.
  8140 | D:9      | Found a radiant altar of Vehumet.
  8441 | D:10     | Entered Level 10 of the Dungeon
  8495 | D:10     | Found a staircase to the Orcish Mines.
  8537 | D:10     | Received a gift from Okawaru
  8585 | D:10     | Identified the +1 chain mail of Dimoacse {rElec rPois}
  8685 | D:10     | Found a hazy altar of Hepliaklqana.
  8711 | D:10     | Noticed a two-headed ogre
  8716 | D:10     | Killed a two-headed ogre
  8717 | D:10     | Reached skill level 10 in Axes
  8899 | D:10     | Noticed Lodul
  8919 | D:10     | Received a gift from Okawaru
  8930 | D:10     | Killed Lodul
  9150 | D:10     | Noticed a two-headed ogre
  9157 | D:10     | Killed a two-headed ogre
  9404 | D:10     | Found a shimmering blue altar of Sif Muna.
  9463 | D:11     | Noticed a two-headed ogre
  9469 | D:11     | Killed a two-headed ogre
  9598 | D:11     | Reached XP level 12. HP: 91/110 MP: 11/11
  9726 | D:11     | Identified the amulet "Addosm" {RegenMP Rampage rC+ rN++
                  | Int-4}
  9899 | D:11     | Noticed Fannar
  9910 | D:11     | Killed Fannar
 10027 | D:11     | Found a frozen archway.
 10043 | IceCv    | Entered an ice cave
 10059 | IceCv    | Found a transporter.
 10077 | IceCv    | Found a transporter.
 10089 | IceCv    | Reached skill level 10 in Dodging
 10468 | D:12     | Noticed a two-headed ogre
 10473 | D:12     | Killed a two-headed ogre
 10491 | D:12     | Reached ****** piety under Okawaru
 10642 | D:12     | Acquired the ring "Plog" {rF+++ Will+ MP+9 Str+2 Dex-2}
 10912 | D:12     | Identified the +1 leather armour of Zyaphupnai {Rampage rC+
                  | rN+}
 11019 | D:12     | Identified the +6 hand axe "Dettysky" {flame, rPois rC+
                  | Str+4 SInv} (Okawaru gifted it to you on level 12 of the
                  | Dungeon)
 11019 | D:12     | Received a gift from Okawaru
 11483 | D:13     | Noticed Urug
 11490 | D:13     | Killed Urug
 11532 | D:13     | Found a gate to the Vaults.
 11532 | D:13     | Noticed a catoblepas
 11540 | D:13     | Killed a catoblepas
 11629 | D:13     | Noticed a tengu warrior
 11630 | D:13     | Noticed a tengu warrior
 11636 | D:13     | Killed a tengu warrior
 11639 | D:13     | Noticed a boulder beetle
 11641 | D:13     | Killed a tengu warrior
 11653 | D:13     | Identified the +2 sling of Puejog {flame, Str-4 Dex+4}
                  | (Okawaru gifted it to you on level 13 of the Dungeon)
 11653 | D:13     | Received a gift from Okawaru
 11654 | D:13     | Noticed a centaur warrior
 11655 | D:13     | Noticed a six-headed hydra
 11868 | D:13     | Noticed a boulder beetle
 11869 | D:13     | Identified the +1 glaive "Hydraslayer" {freeze, Contam rF+
                  | Int+4 SInv}
 11902 | D:13     | Killed a two-headed hydra
 11903 | D:13     | Reached XP level 13. HP: 102/119 MP: 12/12
 11956 | D:13     | Slain by a gargoyle

Illustrated notes

Levels and vault maps discovered:
D:1:      minmay_arrival_up_and_down, layout_loops_cross,
          basic_ecumenical_altar, chequers_serial_rivers_small_b,
          kennysheep_minor_cross
D:2:      layout_rooms, basic_altar, chequers_serial_rivers_micro_b,
          uniq_crazy_yiuf_cottage, uniq_natasha, uniq_sigmund
D:3:      layout_rooms, mainiacjoe_overflow_tiny_flanked, chequers_mini_garden,
          uniq_jessica
D:4:      cheibrodos_barr_body, layout_basic, nicolae_tso_swordbearing_angel,
          mainiacjoe_overflow_catwalk, uniq_edmund, uniq_blork_the_orc
D:5:      layout_loops_corners, amcnicky_altar_gilded, zin_angel,
          nicolae_uskayaw_suspiria, minmay_temple_entry_slanted,
          enter_ossuary_4, uniq_pikel
D:6:      layout_basic, mainiacjoe_overflow_24_doors, ebering_ghost_sewer_f,
          minmay_misc_feat_iff
D:7:      layout_cave_pools, serial_shops, shop_statue, uniq_prince_ribbit1,
          uniq_joseph
D:8:      layout_gridville, uniq_gastronok, uniq_psyche, uniq_maggie
D:9:      layout_basic, grunt_temple_overflow_lords_of_destruction,
          nicolae_wu_jian_wuxing_cycle, lair_entry_dummy, st_stairs_11,
          minivault_10
D:10:     nicolae_cairo_tiling_very_big, layout_loops_ring, tgw_sif,
          nicolae_hepliaklqana_hazy_memory, dk_vineyard_2, uniq_lodul
D:11:     layout_irregular_city, portal_ice_cave_entry_ice_simulacra,
          uniq_fannar
D:12:     layout_long_grid
D:13:     minmay_heptahexagon, layout_loops_corners, uniq_rupert, uniq_jorgrun,
          uniq_urug, uniq_nessos
Temple:   eino_wide_crystal_templ

Skill      XL: |  1  2  3  4  5  6  7  8  9 10 11 12 |
---------------+-------------------------------------+-----
Fighting       | 4 5 6 7 8 9 11 12 | 12.6
Axes           | 3 4 5 6 8 9 10 12 | 12.3
Armour         | 4 5 6 7 8 9 11 12 | 12.6
Dodging        | 2 3 4 5 7 8 9 11 | 11.1
Shields        | 4 5 6 7 8 9 11 12 | 12.6

Action                     |  1- 3 |  4- 6 |  7- 9 | 10-12 | 13-15 || total
---------------------------+-------+-------+-------+-------+-------++-------
  Melee: War axe           |    29 |   125 |   339 |   344 |       ||   837
         Headbutt          |     1 |    19 |    60 |    77 |     5 ||   162
         Hand axe          |       |       |       |     4 |    34 ||    38
  Evoke: Wand              |       |       |       |     1 |       ||     1
    Use: Scroll            |     6 |     1 |     6 |    13 |     1 ||    27
         Potion            |       |     5 |       |     2 |     1 ||     8
   Stab: Distracted        |       |       |       |     4 |       ||     4
         Betrayed ally     |       |       |       |     1 |       ||     1
 Armour: Scale mail        |     9 |     3 |       |       |       ||    12
         Chain mail        |       |    68 |   175 |    97 |    19 ||   359
  Dodge: Dodged            |     9 |    38 |   179 |   168 |    11 ||   405
  Block: Buckler           |     3 |    21 |    97 |   142 |    16 ||   279
         Reflection        |       |       |     3 |    33 |       ||    36

Table legend: (Time is in decaauts)
 A = Elapsed time spent in this place.
 B = Non-inter-level travel time spent in this place.
 C = Inter-level travel time spent in this place.
 D = Time resting spent in this place.
 E = Time spent auto-exploring this place.
 F = Levels seen in this place.
 G = Mean time per level.
                   A        B        C        D        E       F      G
               +--------+--------+--------+--------+--------+-----+--------+
         Total |  12093 |  11712 |    381 |    122 |   9329 |  16 |  755.8 |
       Dungeon |  11650 |  11269 |    381 |    122 |   9109 |  13 |  896.2 |
        Temple |      1 |      1 |      0 |      0 |      0 |   1 |    1.0 |
       Ossuary |    267 |    267 |      0 |      0 |    122 |   1 |  267.0 |
      Ice Cave |    174 |    174 |      0 |      0 |     98 |   1 |  174.0 |
               +--------+--------+--------+--------+--------+-----+--------+

Top non-repeatable levels by time:
     D:4: 1363 daAuts
     D:5: 1227 daAuts
     D:6: 1084 daAuts
    D:10: 1028 daAuts
    D:12: 999 daAuts
     D:2: 901 daAuts
     D:1: 900 daAuts
    D:11: 829 daAuts
     D:8: 823 daAuts
     D:7: 793 daAuts
     D:9: 753 daAuts
     D:3: 476 daAuts
    D:13: 469 daAuts
 Ossuary: 267 daAuts
   IceCv: 174 daAuts
